| TOP OF THE 1ST |
|
Pensacola Blue Wahoos batting - Pitching for San Jose Giants : LHP Mike del Rio
|
|
Pitching: LHP Mike del Rio
|
|
|
Batting: SHB Bryan Johnston
|
0-0: Called Strike 0-1: Ball 1-1: Ball 2-1: Called Strike 2-2: Foul Ball, location: 2F 2-2: Reached on error, E6 (Groundball, 6, EV 81.2 MPH)
|
|
Batting: RHB Dusty Pollert
|
0-0: Ball 1-0: Called Strike 1-1: Foul Ball, location: 2F 1-2: Foul Ball, location: 2F 1-2: Ground out 1-3 (Groundball, 13, EV 71.9 MPH) Bryan Johnston to third
|
|
Batting: RHB Juan Reyes
|
0-0: Called Strike 0-1: Ball 1-1: Reached on error, E5 (Groundball, 56, EV 84.4 MPH) Bryan Johnston scores
|
|
Batting: RHB Jon Marquez
|
0-0: Called Strike Juan Reyes is caught stealing 2nd base 2-4 0-1: Foul Ball, location: 2F 0-2: Ball 1-2: Foul Ball, location: 2F 1-2: Strikes out looking
|
| Top of the 1st over - 1 run, 0 hits, 2 errors, 0 left on base; Pensacola 1 - San Jose 0 |
| BOTTOM OF THE 1ST |
|
San Jose Giants batting - Pitching for Pensacola Blue Wahoos : RHP Sean Jordan
|
|
Pitching: RHP Sean Jordan
|
|
|
Batting: RHB Sadataka Kuwahara
|
0-0: Called Strike 0-1: Ball 1-1: SINGLE (Line Drive, 4MD, EV 97.5 MPH)
|
|
Batting: RHB Chris King
|
0-0: Ball Sadataka Kuwahara steals 2nd base 1-0: Ball 2-0: Fly out, F6 (Popup, 6S, EV 61.2 MPH)
|
|
Batting: LHB Jared Paige
|
0-0: Ball 1-0: Ball 2-0: Ball 3-0: Base on Balls
|
|
Batting: RHB Yutaka Oki
|
0-0: Ball 1-0: Fly out, F4 (Popup, 34S, EV 75.6 MPH)
|
|
Batting: RHB Dave Crouch
|
0-0: Ball 1-0: SINGLE (Groundball, 6MD, EV 107.5 MPH) Sadataka Kuwahara to third Jared Paige to second Runner from 3rd tries for Home, SAFE, throw by CF to home
|
|
Batting: LHB Fred Arends
|
0-0: Ball 1-0: Called Strike 1-1: Ground out U3 (Groundball, 3L, EV 85.0 MPH)
|
| Bottom of the 1st over - 1 run, 2 hits, 0 errors, 2 left on base; Pensacola 1 - San Jose 1 |
| TOP OF THE 2ND |
|
Pensacola Blue Wahoos batting - Pitching for San Jose Giants : LHP Mike del Rio
|
|
Batting: LHB Leo Gomez
|
0-0: Ball 1-0: Called Strike 1-1: Swinging Strike 1-2: Ground out 4-3 (Groundball, 4, EV 106.9 MPH)
|
|
Batting: RHB Tim Wormell
|
0-0: Called Strike 0-1: Foul Ball, location: 2F 0-2: Ball 1-2: Ball 2-2: Ball 3-2: Foul Ball, location: 2F 3-2: Strikes out swinging
|
|
Batting: RHB Matt Silva
|
0-0: Ball 1-0: Ball 2-0: Called Strike 2-1: Called Strike 2-2: SINGLE (Groundball, 56D, EV 103.1 MPH)
|
|
Batting: LHB Nick Nino
|
0-0: Called Strike 0-1: Ball Wild Pitch! Matt Silva to second 1-1: Swinging Strike 1-2: Strikes out swinging
|
| Top of the 2nd over - 0 runs, 1 hit, 0 errors, 1 left on base; Pensacola 1 - San Jose 1 |
| BOTTOM OF THE 2ND |
|
San Jose Giants batting - Pitching for Pensacola Blue Wahoos : RHP Sean Jordan
|
|
Batting: SHB David Barona
|
0-0: Ball 1-0: Foul Ball, location: 2F 1-1: Ball 2-1: Called Strike 2-2: Ball 3-2: Base on Balls
|
|
Batting: RHB Micah McErlean
|
0-0: Ball David Barona steals 2nd base 1-0: TRIPLE (Line Drive, 89XD, EV 103.8 MPH) David Barona scores
|
|
Batting: RHB Mike Jones
|
0-0: Foul Ball, location: 2F 0-1: Foul Ball, location: 2F 0-2: Ball 1-2: Ground out 5-3 (Groundball, 56S, EV 84.4 MPH) Micah McErlean scores
|
|
Batting: RHB Sadataka Kuwahara
|
0-0: Foul Ball, location: 2F 0-1: Fly out, F8 (Flyball, 8LM, EV 90.0 MPH)
|
|
Batting: RHB Chris King
|
0-0: Ball 1-0: Ball 2-0: Called Strike 2-1: Fly out, F5 (Popup, 5, EV 68.1 MPH)
|
| Bottom of the 2nd over - 2 runs, 1 hit, 0 errors, 0 left on base; Pensacola 1 - San Jose 3 |
| TOP OF THE 3RD |
|
Pensacola Blue Wahoos batting - Pitching for San Jose Giants : LHP Mike del Rio
|
|
Batting: LHB Akira Yamano
|
0-0: Ball 1-0: Ball 2-0: Swinging Strike 2-1: Called Strike 2-2: Foul Ball, location: 2F 2-2: Foul Ball, location: 2F 2-2: Strikes out swinging
|
|
Batting: SHB Bryan Johnston
|
0-0: Foul Ball, location: 2F 0-1: Ball 1-1: Called Strike 1-2: Strikes out swinging, 2-3 out at first.
|
|
Batting: RHB Dusty Pollert
|
0-0: Called Strike 0-1: Ball 1-1: Foul Ball, location: 2F 1-2: Strikes out looking
|
| Top of the 3rd over - 0 runs, 0 hits, 0 errors, 0 left on base; Pensacola 1 - San Jose 3 |
| BOTTOM OF THE 3RD |
|
San Jose Giants batting - Pitching for Pensacola Blue Wahoos : RHP Sean Jordan
|
|
Batting: LHB Jared Paige
|
0-0: Called Strike 0-1: Ball 1-1: Foul Ball, location: 2F 1-2: Ball 2-2: Foul Ball, location: 2F 2-2: Ball 3-2: Foul Ball, location: 2F 3-2: Foul Ball, location: 2F 3-2: Foul Ball, location: 2F 3-2: Base on Balls
|
|
Batting: RHB Yutaka Oki
|
0-0: Ball 1-0: Called Strike 1-1: Grounds into double play, 6-4-3 (Groundball, 6, EV 102.5 MPH)
|
|
Batting: RHB Dave Crouch
|
0-0: Ball 1-0: Ball 2-0: Called Strike 2-1: Foul Ball, location: 2F 2-2: Ball 3-2: DOUBLE (Line Drive, 7LM, EV 90.0 MPH)
|
|
Batting: LHB Fred Arends
|
0-0: Ball 1-0: Ball 2-0: Ball 3-0: Called Strike 3-1: Foul Ball, location: 2F 3-2: Base on Balls
|
|
Batting: SHB David Barona
|
0-0: Ball 1-0: Called Strike 1-1: Foul Ball, location: 2F 1-2: Foul Ball, location: 2F 1-2: Ball 2-2: Ball 3-2: Base on Balls Dave Crouch to third Fred Arends to second
|
|
Batting: RHB Micah McErlean
|
0-0: Foul Ball, location: 2F 0-1: Ball 1-1: DOUBLE (Groundball, 5L, EV 100.6 MPH) Dave Crouch scores Fred Arends scores David Barona to third Runner from 3rd tries for Home, SAFE, no throw by LF
|
|
Pitching: RHP Kevin Nabity
|
|
|
Batting: RHB Mike Jones
|
0-0: Called Strike 0-1: Foul Ball, location: 2F 0-2: Ball 1-2: Strikes out swinging
|
| Bottom of the 3rd over - 3 runs, 2 hits, 0 errors, 1 left on base; Pensacola 1 - San Jose 6 |
| TOP OF THE 4TH |
|
Pensacola Blue Wahoos batting - Pitching for San Jose Giants : LHP Mike del Rio
|
|
Batting: RHB Juan Reyes
|
0-0: Foul Ball, location: 2F 0-1: Ball 1-1: Swinging Strike 1-2: Strikes out looking
|
|
Batting: RHB Jon Marquez
|
0-0: Ball 1-0: Called Strike 1-1: Called Strike 1-2: Ball 2-2: Ball 3-2: Foul Ball, location: 2F 3-2: Foul Ball, location: 2F 3-2: Foul Ball, location: 2F 3-2: SINGLE (Groundball, 5S, EV 68.1 MPH) (infield hit)
|
|
Batting: LHB Leo Gomez
|
0-0: SINGLE (Groundball, 4MD, EV 97.5 MPH) Jon Marquez to second
|
|
Batting: RHB Tim Wormell
|
0-0: Called Strike 0-1: Called Strike 0-2: Grounds into double play, 5-4-3 (Groundball, 5, EV 109.4 MPH)
|
| Top of the 4th over - 0 runs, 2 hits, 0 errors, 1 left on base; Pensacola 1 - San Jose 6 |
| BOTTOM OF THE 4TH |
|
San Jose Giants batting - Pitching for Pensacola Blue Wahoos : RHP Kevin Nabity
|
|
Batting: RHB Sadataka Kuwahara
|
0-0: Called Strike 0-1: Called Strike 0-2: Foul Ball, location: 2F 0-2: Ball 1-2: Ground out 5-3 (Groundball, 56S, EV 74.4 MPH)
|
|
Batting: RHB Chris King
|
0-0: Ball 1-0: Called Strike 1-1: Ground out 6-3 (Groundball, 6S, EV 91.9 MPH)
|
|
Batting: LHB Jared Paige
|
0-0: Called Strike 0-1: Ball 1-1: Ball 2-1: Called Strike 2-2: Ball 3-2: Ground out 3-1 (Groundball, 34S, EV 90.0 MPH)
|
| Bottom of the 4th over - 0 runs, 0 hits, 0 errors, 0 left on base; Pensacola 1 - San Jose 6 |
| TOP OF THE 5TH |
|
Pensacola Blue Wahoos batting - Pitching for San Jose Giants : LHP Mike del Rio
|
|
Batting: RHB Matt Silva
|
0-0: Ball 1-0: SINGLE (Line Drive, 78S, EV 106.9 MPH)
|
|
Batting: LHB Nick Nino
|
0-0: SINGLE (Line Drive, 4MD, EV 105.0 MPH) Matt Silva to second
|
|
Batting: LHB Akira Yamano
|
0-0: Called Strike 0-1: SINGLE (Groundball, 34D, EV 101.9 MPH) Matt Silva to third Nick Nino to second
|
|
Batting: SHB Bryan Johnston
|
0-0: Foul Ball, location: 2F 0-1: Ball 1-1: Ball 2-1: Fly out, F7 (Line Drive, 7S, EV 93.8 MPH)
|
|
Batting: RHB Dusty Pollert
|
0-0: Ball 1-0: Foul Ball, location: 2F 1-1: SINGLE (Line Drive, 7S, EV 104.4 MPH) Matt Silva scores Nick Nino to third Akira Yamano to second Runner from 3rd tries for Home, throw by LF and OUT! 7-2
|
|
Batting: RHB Juan Reyes
|
0-0: Foul Ball, location: 2F 0-1: Foul Ball, location: 2F 0-2: Fielders Choice at 2nd, 5-4 (Groundball, 5, EV 104.4 MPH)
|
| Top of the 5th over - 1 run, 4 hits, 0 errors, 2 left on base; Pensacola 2 - San Jose 6 |
| BOTTOM OF THE 5TH |
|
San Jose Giants batting - Pitching for Pensacola Blue Wahoos : RHP Kevin Nabity
|
|
Batting: RHB Yutaka Oki
|
0-0: Called Strike 0-1: Foul Ball, location: 2F 0-2: Ball 1-2: Ball 2-2: Ball 3-2: Strikes out swinging
|
|
Batting: RHB Dave Crouch
|
0-0: Ball 1-0: Ground out U3 (Groundball, 3S, EV 85.6 MPH)
|
|
Batting: LHB Fred Arends
|
0-0: Ball 1-0: Swinging Strike 1-1: Ball 2-1: Called Strike 2-2: Ball 3-2: Ground out U3 (Groundball, 3, EV 89.4 MPH)
|
| Bottom of the 5th over - 0 runs, 0 hits, 0 errors, 0 left on base; Pensacola 2 - San Jose 6 |
| TOP OF THE 6TH |
|
Pensacola Blue Wahoos batting - Pitching for San Jose Giants : LHP Mike del Rio
|
|
Batting: RHB Jon Marquez
|
0-0: Called Strike 0-1: Ball 1-1: Ball 2-1: Ball 3-1: Swinging Strike 3-2: Strikes out swinging
|
|
Pitching: RHP Tadesse Karume
|
|
|
Batting: LHB Leo Gomez
|
0-0: Ball 1-0: Swinging Strike 1-1: Foul Ball, location: 2F 1-2: Ball 2-2: Strikes out swinging
|
|
Batting: RHB Tim Wormell
|
0-0: Called Strike 0-1: Ball 1-1: Called Strike 1-2: Ball 2-2: Strikes out swinging
|
| Top of the 6th over - 0 runs, 0 hits, 0 errors, 0 left on base; Pensacola 2 - San Jose 6 |
| BOTTOM OF THE 6TH |
|
San Jose Giants batting - Pitching for Pensacola Blue Wahoos : RHP Kevin Nabity
|
|
Batting: SHB David Barona
|
0-0: Ball 1-0: DOUBLE (Line Drive, 78D, EV 109.4 MPH)
|
|
Batting: RHB Micah McErlean
|
0-0: Called Strike 0-1: SINGLE (Groundball, 56D, EV 98.1 MPH) David Barona to third Runner from 3rd tries for Home, SAFE, throw by LF to home
|
|
Batting: RHB Mike Jones
|
0-0: Ball 1-0: Ball 2-0: Called Strike 2-1: Foul Ball, location: 2F 2-2: Foul Ball, location: 2F 2-2: Foul Ball, location: 2F 2-2: Grounds into double play, 5-4-3 (Groundball, 56S, EV 75.0 MPH)
|
|
Batting: RHB Sadataka Kuwahara
|
0-0: Called Strike 0-1: DOUBLE (Flyball, 8LXD, EV 90.0 MPH)
|
|
Batting: RHB Chris King
|
0-0: Called Strike 0-1: Fly out, F7 (Flyball, 78M, EV 88.8 MPH)
|
| Bottom of the 6th over - 1 run, 3 hits, 0 errors, 1 left on base; Pensacola 2 - San Jose 7 |
| TOP OF THE 7TH |
|
Pensacola Blue Wahoos batting - Pitching for San Jose Giants : RHP Tadesse Karume
|
|
Batting: RHB Matt Silva
|
0-0: Called Strike 0-1: Ground out 5-3 (Groundball, 5, EV 82.5 MPH)
|
|
Batting: LHB Nick Nino
|
0-0: Ball 1-0: Ground out 4-3 (Groundball, 4, EV 91.9 MPH)
|
|
Batting: LHB Akira Yamano
|
0-0: Ball 1-0: Ground out 4-3 (Groundball, 34, EV 80.6 MPH)
|
| Top of the 7th over - 0 runs, 0 hits, 0 errors, 0 left on base; Pensacola 2 - San Jose 7 |
| BOTTOM OF THE 7TH |
|
San Jose Giants batting - Pitching for Pensacola Blue Wahoos : RHP Kevin Nabity
|
|
Batting: LHB Jared Paige
|
0-0: Foul Ball, location: 2F 0-1: Called Strike 0-2: Ball 1-2: Ball 2-2: Fly out, F8 (Flyball, 8LD, EV 100.0 MPH)
|
|
Pitching: RHP Jose Marrero
|
|
|
Batting: RHB Yutaka Oki
|
0-0: Ball 1-0: Called Strike 1-1: Swinging Strike 1-2: Foul Ball, location: 2F 1-2: Foul Ball, location: 2F 1-2: Foul Ball, location: 2F 1-2: Fly out, F9 (Flyball, 9S, EV 91.9 MPH)
|
|
Batting: RHB Dave Crouch
|
0-0: Ball 1-0: Fly out, F6 (Popup, 6M, EV 65.0 MPH)
|
| Bottom of the 7th over - 0 runs, 0 hits, 0 errors, 0 left on base; Pensacola 2 - San Jose 7 |
| TOP OF THE 8TH |
|
Pensacola Blue Wahoos batting - Pitching for San Jose Giants : RHP Tadesse Karume
|
|
Batting: SHB Bryan Johnston
|
0-0: Ball 1-0: Ball 2-0: Ground out 4-3 (Groundball, 4, EV 109.4 MPH)
|
|
Batting: RHB Dusty Pollert
|
0-0: Swinging Strike 0-1: Foul Ball, location: 2F 0-2: Strikes out swinging
|
|
Batting: RHB Juan Reyes
|
0-0: Ball 1-0: Foul Ball, location: 2F 1-1: Ball 2-1: Ball 3-1: Swinging Strike 3-2: SINGLE (Groundball, 6MD, EV 102.5 MPH)
|
|
Pitching: RHP Pat Richardson
|
|
|
Batting: RHB Jon Marquez
|
0-0: Ground out 5-3 (Groundball, 56S, EV 91.9 MPH)
|
| Top of the 8th over - 0 runs, 1 hit, 0 errors, 1 left on base; Pensacola 2 - San Jose 7 |
| BOTTOM OF THE 8TH |
|
San Jose Giants batting - Pitching for Pensacola Blue Wahoos : RHP Jose Marrero
|
|
Batting: LHB Fred Arends
|
0-0: Called Strike 0-1: Reaches on Catchers interference
|
|
Batting: SHB David Barona
|
0-0: Called Strike 0-1: Swinging Strike 0-2: Ball 1-2: Ball 2-2: Foul Ball, location: 2F 2-2: Strikes out looking
|
|
Batting: RHB Micah McErlean
|
0-0: Ball 1-0: SINGLE (Flyball, 89S, EV 89.4 MPH) Fred Arends to second Fred Arends to third
|
|
Batting: RHB Mike Jones
|
0-0: Ball 1-0: Ball 2-0: Fly out, F3 (Popup, 3S, EV 73.8 MPH)
|
|
Batting: RHB Sadataka Kuwahara
|
0-0: Swinging Strike 0-1: Ball Micah McErlean is caught stealing 2nd base 2-4
|
| Bottom of the 8th over - 0 runs, 1 hit, 1 error, 1 left on base; Pensacola 2 - San Jose 7 |
| TOP OF THE 9TH |
|
Pensacola Blue Wahoos batting - Pitching for San Jose Giants : RHP Pat Richardson
|
|
Batting: LHB Leo Gomez
|
0-0: Ball 1-0: DOUBLE (Flyball, 8LXD, EV 91.9 MPH)
|
|
Batting: RHB Tim Wormell
|
0-0: Called Strike 0-1: Foul Ball, location: 2F 0-2: Strikes out looking
|
|
Batting: RHB Matt Silva
|
0-0: Ball 1-0: Ball 2-0: Foul Ball, location: 2F 2-1: Foul Ball, location: 2F 2-2: Strikes out swinging
|
|
Batting: LHB Nick Nino
|
0-0: Called Strike 0-1: Ball 1-1: Called Strike 1-2: Strikes out swinging
|
| Top of the 9th over - 0 runs, 1 hit, 0 errors, 1 left on base; Pensacola 2 - San Jose 7 |
|